 Dungeon Crawl Stone Soup version 0.19-a0-1254-gb9c29c0 (webtiles) character file.

9884 junb69 the Slinger (level 11, -2/81 HPs)
             Began as a Halfling Hunter on Aug 27, 2016.
             Was a High Priest of Okawaru.
             Killed from afar by Fannar (28 damage)
             ... with a bolt of cold
             ... on level 1 of the Lair of Beasts.
             The game lasted 00:42:30 (12566 turns).

junb69 the Slinger (Halfling Hunter)               Turns: 12566, Time: 00:42:30

Health: -2/81      AC: 11    Str: 17    XL:     11   Next: 82%
Magic:  9/11       EV: 24    Int: 10    God:    Okawaru [*****.]
Gold:   685        SH:  6    Dex: 16    Spells: 0 memorised, 10 levels left

rFire  . . .     SeeInvis .     c - +3 greatsling
rCold  . . .     Gourm    .     l - +0 ring mail
rNeg   . . .     Faith    +     O - +0 buckler
rPois  .         Spirit   .     (no helmet)
rElec  .         Dismiss  .     C - +0 cloak
rCorr  .         Reflect  .     (no gloves)
MR     .....     Harm     .     E - +1 pair of boots {run}
Stlth  +++++.....               R - amulet of faith
                                N - ring of stealth
                                y - +2 ring of strength

@: heroism, quick
A: mutation resistance 1
a: Heroism, Finesse, Renounce Religion


You were on level 1 of the Lair of Beasts.
You worshipped Okawaru.
Okawaru was extremely pleased with you.
You were not hungry.

You visited 3 branches of the dungeon, and saw 12 of its levels.
You also visited: Ossuary.

You collected 811 gold pieces.
You spent 126 gold pieces at shops.

Inventory:

Hand Weapons
 c - a +3 greatsling (weapon)
 n - a +2 short sword of electrocution
Missiles
 i - 307 stones
 J - 151 sling bullets (quivered)
Armour
 l - a +0 ring mail (worn)
 C - a +0 cloak (worn)
 E - a +1 pair of boots of running (worn)
 O - a +0 buckler (worn)
Jewellery
 y - a +2 ring of strength (left hand)
 G - an uncursed ring of positive energy
 N - a ring of stealth (right hand)
 R - an amulet of faith (around neck)
 T - a +2 amulet of reflection {unknown}
 U - an uncursed amulet of dismissal {unknown}
Wands
 e - a wand of enslavement (12/24)
 v - a wand of confusion (22/48)
 w - a wand of iceblast (11/15)
 B - a wand of flame (48/48)
 S - a wand of iceblast (9/15)
Scrolls
 a - a scroll of magic mapping
 j - 2 scrolls of amnesia
 k - a scroll of blinking
 m - 5 scrolls of remove curse
 t - 4 scrolls of immolation
 u - 8 scrolls of teleportation
 H - a scroll of fear
Potions
 d - a potion of beneficial mutation {unknown}
 g - a potion of ambrosia {unknown}
 p - a potion of haste {unknown}
 q - 2 potions of magic
 s - 4 potions of might
 x - a potion of cancellation {unknown}
 z - 4 potions of lignification
 A - 4 potions of heal wounds
 D - 4 potions of agility
 F - 8 potions of curing
 L - 2 potions of berserk rage
 M - a potion of resistance
 P - a potion of brilliance {unknown}
 Q - 2 potions of flight {unknown}
Books
 b - a book of Misfortune

   Spells                             Type                      Level
   a - Confusing Touch                Hexes                        1
   b - Confuse                        Hexes                        3
   c - Gell's Gravitas                Hexes/Translocation          3
   d - Petrify                        Transmutation/Earth          4
   e - Metabolic Englaciation         Hexes/Ice                    5
   f - Yara's Violent Unravelling     Hexes/Transmutation          5
Comestibles
 f - 9 bread rations
 h - 2 royal jellies
 o - 9 fruits
 r - 5 meat rations
 I - 2 slices of pizza
 K - 6 beef jerkies
 V - 6 chunks of flesh


   Skills:
 * Level 10.1(15.1) Fighting
 - Level 14.4(19.4) Slings
 - Level 6.0(11.0) Armour
 * Level 8.8(13.8) Dodging
 * Level 4.0(9.0) Stealth


You had 10 spell levels left.
You didn't know any spells.

Dungeon Overview and Level Annotations

Branches:
Dungeon (10/15)            Temple (1/1) D:6            Lair (1/6) D:10
    Orc: D:9-12

Altars:
Ashenzari
Cheibriados
Dithmenos
Elyvilon
Fedhas
Gozag
Hepliaklqana
Kikubaaqudgha
Makhleb
Nemelex Xobeh
Okawaru
Qazlal
Ru
Sif Muna
Uskayaw
Vehumet
Xom
Zin
The Shining One

Shops:
D:4 [=

Annotations:
Lair:1 Fannar, Gastronok


Innate Abilities, Weirdness & Mutations

You are small and have problems with some larger weapons.
You are somewhat resistant to further mutation.


Message History

Firing (i - inventory. (,) - cycle):
J - 152 sling bullets (quivered)
Press: ? - help, Shift-Dir - straight line, f/p - Fannar
Aim: Fannar, wielding a quarterstaff of freezing, wearing a robe of cold resistance and wearing a ring of ice (severely wounded, covered in an icy film)
You shoot a sling bullet.
The sling bullet hits Fannar but does no damage.
Fannar is severely wounded.
The ice beast hits you but does no damage.
Okay, then.
You gain the combat prowess of a mighty hero.
Fannar completely misses you.
Gastronok waves his eye-stalks in wide circles.
The air twists around and strikes you! You block the ice beast's attack.
Fannar mumbles some strange words.
Found 3 fruits.
Fannar says, "Does this not give you the chills?"
Fannar mumbles some strange words.
Fannar casts a spell at you.
The bolt of cold hits the ice beast.
The ice beast completely resists.
The bolt of cold hits you!
You die...

.#.....+ ...((. #P###...........
...#####......(###.......P.......
...........%.....................
#.###+P#..P....(.................
..........#..(YYe............P##.
...................###..#.#......
.............(..Y..# #####...P...
...................# #......
..........#.....@..## #......
..........#........P# #..#...
..........#........## ##..####
.##+####.#.........#######.......
...................##.#P##.......
.................................
.......รท.........................
.##.##.#.#######.###.P####.#.####
########## ### #### #####


You could see Fannar and 3 ice beasts.

Vanquished Creatures
  The ghost of hairmachine the Basher, a novice MiAK of Lugonu (D:8)
  Maurice (D:9)
  2 spiny frogs (Lair:1)
  2 komodo dragons (Lair:1)
  Grinder (D:5)
  Prince Ribbit (D:5)
  A blink frog (D:10)
  A wraith (Ossuary)
  6 yaks (D:9)
  A basilisk (Lair:1)
  3 hippogriffs
  A hungry ghost (D:7)
  Menkaure (D:4)
  Edmund (D:4)
  2 water moccasins
  2 soldier ants (D:10)
  Duvessa (D:4)
  3 porcupines (Lair:1)
  5 orc warriors
  An ice beast (D:8)
  2 sky beasts
  A black bear (D:8)
  2 ogres
  2 phantoms (D:5)
  2 centaurs
  5 crocodiles
  5 big kobolds
  7 giant frogs
  Dowan (D:4)
  A wyvern skeleton (D:10)
  A scorpion (D:6)
  5 crimson imps
  5 jellies
  4 hounds
  A centaur skeleton (D:5)
  6 orc priests
  11 orc wizards
  6 iguanas
  6 worker ants
  A killer bee zombie (D:9)
  The ghost of Duffy the Slasher, a weakling DsMo (D:4)
  A mummy (Ossuary)
  A howler monkey zombie (D:6)
  5 adders
  10 gnolls
  A howler monkey skeleton (D:9)
  12 river rats (Lair:1)
  3 shadow imps
  2 oozes
  An adder skeleton (D:4)
  A worm (D:4)
  2 dart slugs
  7 giant geckos
  66 orcs
  3 bats
  11 giant cockroaches
  33 goblins
  30 hobgoblins
  17 jackals
  15 kobolds
  6 quokkas
  A ball python (D:2)
  A giant cockroach zombie (D:6)
  A giant gecko skeleton (D:5)
  6 giant newts
  4 gnoll skeletons (Ossuary)
  10 kobold skeletons (Ossuary)
  11 orc skeletons (Ossuary)
  3 quokka zombies
  4 rats
380 creatures vanquished.

Notes
Turn   | Place    | Note
-------+----------+-------------------------------------------
     0 | D:1      | junb69 the Halfling Hunter began the quest for the Orb.
     0 | D:1      | Reached XP level 1. HP: 14/14 MP: 1/1
    33 | D:1      | Reached skill level 6 in Slings
   259 | D:1      | Reached XP level 2. HP: 16/19 MP: 2/2
   510 | D:1      | Reached XP level 3. HP: 24/24 MP: 3/3
   981 | D:2      | Reached XP level 4. HP: 30/30 MP: 4/4
  1184 | D:2      | Found an opulent altar of Gozag.
  1455 | D:3      | Found a faded altar of an unknown god.
  1534 | D:2      | Reached skill level 7 in Slings
  1650 | D:2      | Reached XP level 5. HP: 16/36 MP: 5/5
  2712 | D:3      | Reached XP level 6. HP: 42/42 MP: 6/6
  2871 | D:4      | Found Geruuvoth's Antique Armour Shop.
  2882 | D:4      | Bought a pair of glowing boots for 126 gold pieces
  2887 | D:4      | Identified a +0 pair of boots of running (You bought it in a shop on level 4 of the Dungeon)
  2897 | D:4      | Noticed Menkaure
  2913 | D:4      | Killed Menkaure
  2913 | D:4      | Reached skill level 8 in Slings
  3080 | D:4      | Noticed Duvessa
  3110 | D:4      | Noticed Dowan
  3118 | D:4      | Killed Duvessa
  3118 | D:4      | Reached skill level 9 in Slings
  3118 | D:4      | Reached XP level 7. HP: 49/49 MP: 7/7
  3124 | D:4      | Killed Dowan
  3248 | D:4      | Noticed Duffy's ghost (weakling DsMo)
  3255 | D:4      | Killed Duffy's ghost
  3502 | D:4      | Found Jicvuna's Jewellery Shoppe.
  3547 | D:4      | Reached skill level 5 in Fighting
  4028 | D:4      | Noticed Edmund
  4134 | D:4      | Killed Edmund
  4134 | D:4      | Reached skill level 10 in Slings
  4134 | D:4      | Reached XP level 8. HP: 45/56 MP: 8/8
  4910 | D:4      | Reached skill level 11 in Slings
  5175 | D:5      | Entered Level 5 of the Dungeon
  5180 | D:5      | Noticed Prince Ribbit
  5195 | D:5      | Killed Prince Ribbit
  5465 | D:5      | Reached XP level 9. HP: 62/63 MP: 9/9
  5612 | D:5      | Noticed Grinder
  5623 | D:5      | Killed Grinder
  5623 | D:5      | Reached skill level 12 in Slings
  6635 | D:6      | Found a hide-covered altar of Uskayaw.
  6718 | D:6      | Found a staircase to the Ecumenical Temple.
  6726 | Temple   | Entered the Ecumenical Temple
  6819 | Temple   | Became a worshipper of Warmaster Okawaru
  6931 | D:6      | Reached skill level 13 in Slings
  7119 | D:7      | Found a sand-covered staircase.
  7127 | Ossuary  | Entered an ossuary
  7757 | D:7      | Reached XP level 10. HP: 73/73 MP: 10/10
  7808 | D:7      | Found a white marble altar of Elyvilon.
  7823 | D:7      | Reached * piety under Okawaru
  8114 | D:7      | Reached skill level 14 in Slings
  8572 | D:8      | Noticed hairmachine's ghost (novice MiAK)
  8630 | D:8      | Reached skill level 1 in Armour
  8827 | D:8      | Reached ** piety under Okawaru
  9148 | D:8      | Killed hairmachine's ghost
  9670 | D:9      | Reached skill level 5 in Dodging
  9755 | D:9      | Reached *** piety under Okawaru
  9781 | D:9      | Received a gift from Okawaru
  9788 | D:9      | Reached skill level 5 in Armour
  9788 | D:9      | Reached XP level 11. HP: 36/80 MP: 11/11
 10154 | D:9      | Reached **** piety under Okawaru
 10369 | D:9      | Noticed Maurice
 10384 | D:9      | Killed Maurice
 10384 | D:9      | Received a gift from Okawaru
 10558 | D:10     | Entered Level 10 of the Dungeon
 10611 | D:10     | Found a staircase to the Lair.
 10744 | D:10     | Received a gift from Okawaru
 10903 | D:10     | Identified a scroll of acquirement
 11351 | D:10     | Received a gift from Okawaru
 11664 | Lair:1   | Entered Level 1 of the Lair of Beasts
 12068 | Lair:1   | Received a gift from Okawaru
 12139 | Lair:1   | Reached skill level 10 in Fighting
 12421 | Lair:1   | Reached ***** piety under Okawaru
 12541 | Lair:1   | Noticed Fannar
 12558 | Lair:1   | Noticed Gastronok
 12566 | Lair:1   | Killed from afar by Fannar

Vault maps used:
D:1:      minmay_arrival_jagged
D:2:      nicolae_gozag_cash_rules_everything_around_me
D:3:      ecumenical_altar_1, minmay_bisected
D:4:      minmay_goblin_kobold_castle, serial_shops, shop, kennysheep_mini,
          uniq_edmund, uniq_duvessa, uniq_menkaure
D:5:      first_bread, uniq_grinder, uniq_prince_ribbit1
D:6:      kennysheep_mini_moat
D:7:      nicolae_overflow_crystal_walls, enter_ossuary_4, grunt_tough_drop
D:9:      uniq_maurice
D:10:     dpeg_lair_monsters, special_room
Temple:   regret_index_temple_mists
Lair:1:   lemuel_fruit_fields, uniq_fannar, uniq_gastronok, uniq_joseph
Ossuary:  ossuary_due_mausoleum

Skill      XL: |  1  2  3  4  5  6  7  8  9 10 11 |
---------------+----------------------------------+-----
Slings         | 6 7 9 10 11 13 14 | 14.4
Fighting       | 2 3 4 5 6 8 9 10 | 10.1
Stealth        | 2 4 |  4.0
Dodging        | 6 8 |  8.8
Armour         | 5 6 |  6.0

Action                   |  1- 3 |  4- 6 |  7- 9 | 10-12 || total
-------------------------+-------+-------+-------+-------++-------
Melee: Short sword       |    15 |    48 |    44 |       ||   107
 Fire: Hunting sling     |    62 |   156 |   523 |    22 ||   763
       Greatsling        |       |       |    86 |   592 ||   678
Invok: Heroism           |       |       |       |     1 ||     1
  Use: Potion            |       |     3 |       |       ||     3
       Scroll            |       |     1 |     9 |    16 ||    26
 Stab: Sleeping          |     1 |       |       |       ||     1
  Eat: Chunk             |       |     6 |    11 |     5 ||    22
       Fruit             |       |       |     4 |     9 ||    13
Armor: Leather armour    |     9 |    12 |       |       ||    21
       Ring mail         |       |     3 |    54 |    29 ||    86
Dodge: Dodged            |    25 |    75 |    98 |    89 ||   287
Block: Buckler           |       |       |     8 |    24 ||    32
